 Dungeon Crawl Stone Soup version 0.27-a0-1200-g94dc6ad4cf (webtiles) character file.

Game seed: 3452263180857073287

12 flotson the Covert (level 2, -4/29 HPs)
             Began as a Gnoll Delver on May 30, 2021.
             Slain by a lemure (5 damage)
             ... led by Pikel
             ... on level 5 of the Dungeon.
             The game lasted 00:01:55 (702 turns).

flotson the Covert (Gnoll Delver)                    Turns: 702, Time: 00:01:56

Health: -4/29      AC:  3    Str: 11    XL:     2   Next: 33%
Magic:  2/2        EV: 13    Int:  9    God:
Gold:   25         SH:  0    Dex: 13    Spells: 1/1 levels left

rFire    . . .     SeeInvis .   a - +0 spear
rCold    . . .     Faith    .   (no shield)
rNeg     . . .     Spirit   .   b - +0 leather armour
rPois    .         Reflect  .   (no helmet)
rElec    .         Harm     .   (no cloak)
rCorr    .         Rampage  .   (no gloves)
Will     .....                  (no boots)
Stlth    ++++......             (no amulet)
HPRegen  0.09/turn              (no ring)
MPRegen  0.08/turn              (no ring)

@: hasted, very quick
A: fangs 1, strong nose, distributed training
a: no special abilities


You were on level 5 of the Dungeon.
You visited 1 branch of the dungeon, and saw 1 of its levels.
You also visited: Ossuary.

You collected 25 gold pieces.

Inventory:

Hand Weapons
 a - a +0 spear (weapon)
Armour
 b - a +0 leather armour (worn)
Wands
 g - a wand of digging (3)
Scrolls
 c - a scroll of fog
 e - a scroll of fear
 h - 2 scrolls of noise {unknown}
 j - 2 scrolls of identify {unknown}
Potions
 i - 2 potions of magic {unknown}
 k - 2 potions of curing {unknown}
 l - 3 potions of degeneration {unknown}
 m - 2 potions of attraction {unknown}


   Skills:
 + Level 6.4 Fighting
 + Level 0.3 Short Blades
 + Level 0.3 Long Blades
 + Level 0.3 Axes
 + Level 0.3 Maces & Flails
 + Level 4.4 Polearms
 + Level 0.3 Staves
 + Level 0.3 Slings
 + Level 0.3 Bows
 + Level 0.3 Crossbows
 + Level 0.3 Throwing
 + Level 0.3 Armour
 + Level 4.4 Dodging
 + Level 9.5 Stealth
 + Level 0.3 Shields
 + Level 0.3 Unarmed Combat
 + Level 0.3 Spellcasting
 + Level 0.2 Conjurations
 + Level 0.2 Hexes
 + Level 0.2 Summonings
 + Level 0.2 Necromancy
 + Level 0.2 Translocations
 + Level 0.2 Transmutations
 + Level 0.2 Fire Magic
 + Level 0.2 Ice Magic
 + Level 0.2 Air Magic
 + Level 0.2 Earth Magic
 + Level 0.2 Poison Magic
 + Level 0.4 Invocations
 + Level 0.3 Evocations


You had one spell level left.
You didn't know any spells.
Your spell library was empty.

Dungeon Overview and Level Annotations

Branches:
Dungeon (5/15)            Ossuary (visited)
 Temple: D:4-7

Altars:

Annotations:
D:5 Pikel


Innate Abilities, Weirdness & Mutations

You have very sharp teeth.
Your uncanny sense of smell can sniff out nearby items.
Your experience applies equally to all skills.


Message History

An ufetubus comes into view.
The hound misses you.
Okay, then.
Unknown command.
As you read the scroll of magic mapping, it crumbles to dust.
You feel aware of your surroundings.
You sensed 2 altars.
The hound bites you but does no damage.
You feel yourself speed up. The hound barely misses you. The hound bites you.
The ufetubus shouts!
A lemure comes into view.
The lemure shouts!
A lemure comes into view.
The lemure closely misses you. The ufetubus barely misses you. x2
The lemure misses you. The lemure barely misses you.
You hit the lemure but do no damage. You hit the lemure.
The lemure is lightly wounded.
The lemure hits you.
You closely miss the lemure. You bite the lemure, but do no damage.
The lemure is lightly wounded.
The lemure hits you but does no damage.
You hit the lemure but do no damage.
The lemure is lightly wounded.
The ufetubus barely misses you. x2; The lemure barely misses you.
You closely miss the lemure.
The lemure is lightly wounded.
The ufetubus misses you. The ufetubus hits you. The lemure hits you.
Pikel hits you with a +2 whip of freezing.
Pikel freezes you.
You hit the lemure. You bite the lemure, but do no damage.
The lemure is lightly wounded.
The ufetubus closely misses you. The ufetubus hits you.
* * * LOW HITPOINT WARNING * * *
The lemure hits you.
* * * LOW HITPOINT WARNING * * *
You closely miss the lemure.
The lemure is lightly wounded.
The lemure hits you.
You die...

*,*** *,,,* ***,* *,* **∆*
*,,* *,**
**####.#############
*,......5@5h.......#
********,####.##K5.#.###.?#
,,,,,,,,,* #K#..5..5.....#
********** #.#.#########5#
#.#.#,...,,,#.#
#5#.#....,,,#.#
#.#.#....,,,#.#
#...^..,_,,,#5#
#...#,,,,,,,#.#


You could see Pikel, 4 lemures, a hound and an ufetubus.

Vanquished Creatures
  A mummy (Ossuary)
1 creature vanquished.

Notes
Turn   | Place    | Note
-------+----------+-------------------------------------------
     0 | D:5      | Reached skill level 9 in Stealth
     0 | D:5      | flotson the Gnoll Delver began the quest for the Orb.
     0 | D:5      | Reached XP level 1. HP: 23/23 MP: 1/1
    57 | D:5      | Noticed a hound
    59 | D:5      | Found a sand-covered staircase.
    64 | Ossuary  | Entered an ossuary
   136 | Ossuary  | Reached XP level 2. HP: 5/29 MP: 2/2
   662 | D:5      | Noticed a lemure
   662 | D:5      | Noticed a lemure
   663 | D:5      | Noticed Pikel
   689 | D:5      | Noticed a lemure
   691 | D:5      | Noticed a lemure
   701 | D:5      | HP: 1/29 [lemure[Pikel] (5)]
   702 | D:5      | Slain by a lemure

Illustrated notes

Levels and vault maps discovered:
D:5:      layout_loops_ring, lemuel_tele_altar,
          nicolae_yredelemnul_corpse_copse, enter_ossuary_2, kennysheep_path_1,
          corner_web_ring, uniq_pikel

Skill      XL: | |
---------------+-+-----
Stealth        | |  9.5
Fighting       | |  6.4
Short Blades   | |  0.3
Long Blades    | |  0.3
Axes           | |  0.3
Maces & Flails | |  0.3
Polearms       | |  4.4
Staves         | |  0.3
Slings         | |  0.3
Bows           | |  0.3
Crossbows      | |  0.3
Throwing       | |  0.3
Armour         | |  0.3
Dodging        | |  4.4
Shields        | |  0.3
Unarmed Combat | |  0.3
Spellcasting   | |  0.3
Conjurations   | |  0.2
Hexes          | |  0.2
Summonings     | |  0.2
Necromancy     | |  0.2
Translocations | |  0.2
Transmutations | |  0.2
Fire Magic     | |  0.2
Ice Magic      | |  0.2
Air Magic      | |  0.2
Earth Magic    | |  0.2
Poison Magic   | |  0.2
Invocations    | |  0.4
Evocations     | |  0.3

Action                   || total
-------------------------++-------
Melee: Spear             ||    43
       Bite              ||     5
  Use: Scroll            ||     1
       Potion            ||     1
 Stab: Sleeping          ||     1
Armor: Leather armour    ||     4
Dodge: Dodged            ||    24

Table legend: (Time is in decaauts)
 A = Elapsed time spent in this place.
 B = Non-inter-level travel time spent in this place.
 C = Inter-level travel time spent in this place.
 D = Time resting spent in this place.
 E = Time spent auto-exploring this place.
 F = Levels seen in this place.
 G = Mean time per level.
                   A        B        C        D        E       F      G
               +--------+--------+--------+--------+--------+-----+--------+
         Total |    691 |    691 |      0 |    426 |    115 |   2 |  345.5 |
       Dungeon |    283 |    283 |      0 |    164 |     61 |   1 |  283.0 |
       Ossuary |    408 |    408 |      0 |    262 |     54 |   1 |  408.0 |
               +--------+--------+--------+--------+--------+-----+--------+

Top non-repeatable levels by time:
 Ossuary: 408 daAuts
     D:5: 283 daAuts
